1882 views
Uploaded 2023-04-01 10:10:49
Game version 1.35 (6115)
18:51 long 3on3 ladder game on (6)UpperKingdom
Saved by GIGA
1882 views
Uploaded 2023-04-01 10:10:49
Game version 1.35 (6115)
18:51 long 3on3 ladder game on (6)UpperKingdom


75 units @ 6.5k
/ 0.7k
118 buildings @ 8.4k
/ 4.2k
DudeWhy
(236)
(18:37) : 

| Peasant | 18 | 1350 | / | 0 |
| Mortar Team | 3 | 540 | / | 210 |
| Dragonhawk Rider | 2 | 400 | / | 60 |
| total: | 23 | 2290g | / | 270w |
| Scout Tower | 31 | 930 | / | 620 |
| Guard Tower | 17 | 1190 | / | 850 |
| Altar of Kings | 1 | 180 | / | 50 |
| Farm | 8 | 640 | / | 160 |
| Lumber Mill | 1 | 120 | / | 0 |
| Blacksmith | 1 | 140 | / | 60 |
| Arcane Vault | 1 | 130 | / | 30 |
| Workshop | 2 | 280 | / | 280 |
| Gryphon Aviary | 1 | 140 | / | 150 |
| Keep | 1 | 320 | / | 210 |
| Castle | 1 | 360 | / | 210 |
| total: | 46 | 2560g | / | 1350w |
| 0:03 | Peasant |
| 0:03 | Peasant |
| 0:20 | Altar of Kings |
| 0:21 | Peasant |
| 0:34 | Farm |
| 0:49 | Lumber Mill |
| 0:50 | Peasant |
| 0:52 | Peasant |
| 1:05 | Peasant |
| 1:11 | Farm |
| 1:12 | Peasant |
| 1:16 | Peasant |
| 1:34 | Scout Tower |
| 1:50 | Peasant |
| 1:52 | Scout Tower |
| 1:56 | Peasant |
| 2:21 | Guard Tower |
| 2:24 | Peasant |
| 2:33 | Peasant |
| 2:41 | Scout Tower |
| 2:42 | Guard Tower |
| 2:43 | Peasant |
| 2:57 | Storm Bolt |
| 3:16 | Scout Tower |
| 3:18 | Scout Tower |
| 3:19 | Scout Tower |
| 3:20 | Scout Tower |
| 3:21 | Peasant |
| 3:23 | Guard Tower |
| 3:25 | Scout Tower |
| 3:26 | Peasant |
| 3:48 | Scout Tower |
| 3:48 | Scout Tower |
| 3:51 | Guard Tower |
| 3:55 | Scout Tower |
| 3:55 | Scout Tower |
| 3:56 | Scout Tower |
| 3:56 | Scout Tower |
| 3:59 | Guard Tower |
| 4:10 | Improved Lumber Harvesting |
| 4:34 | Scout Tower |
| 4:36 | Scout Tower |
| 4:36 | Scout Tower |
| 4:37 | Guard Tower |
| 4:51 | Keep |
| 4:57 | Guard Tower |
| 5:00 | Scout Tower |
| 5:00 | Scout Tower |
| 5:01 | Scout Tower |
| 5:04 | Scout Tower |
| 5:05 | Scout Tower |
| 5:08 | Guard Tower |
| 5:40 | Guard Tower |
| 5:42 | Guard Tower |
| 5:47 | Scout Tower |
| 5:48 | Scout Tower |
| 5:49 | Scout Tower |
| 6:04 | Guard Tower |
| 6:08 | Improved Masonry |
| 6:18 | Blacksmith |
| 6:27 | Guard Tower |
| 6:29 | Scout Tower |
| 6:32 | Guard Tower |
| 6:43 | Guard Tower |
| 7:45 | Castle |
| 7:48 | Workshop |
| 7:56 | Advanced Lumber Harvesting |
| 7:58 | Guard Tower |
| 7:59 | Scout Tower |
| 8:27 | Farm |
| 8:28 | Farm |
| 8:31 | Farm |
| 8:49 | Guard Tower |
| 8:52 | Scout Tower |
| 8:53 | Scout Tower |
| 8:53 | Scout Tower |
| 9:09 | Workshop |
| 9:10 | Flare |
| 9:13 | Black Gunpowder |
| 9:18 | Farm |
| 9:43 | Mortar Team |
| 9:47 | Advanced Masonry |
| 10:13 | Holy Light |
| 10:19 | Fragmentation Shards |
| 10:20 | Mortar Team |
| 10:38 | Guard Tower |
| 10:48 | Peasant |
| 11:32 | Scout Tower |
| 11:43 | Imbued Masonry |
| 11:44 | Peasant |
| 11:44 | Peasant |
| 11:45 | Mortar Team |
| 14:23 | Arcane Vault |
| 14:25 | Gryphon Aviary |
| 15:51 | Farm |
| 15:52 | Farm |
| 15:53 | Cloud |
| 16:35 | Dragonhawk Rider |
| 16:35 | Dragonhawk Rider |
| 17:29 | Storm Bolt |
| 18:35 | Storm Bolt |
| 18:37 | Divine Shield |
| Right click | 721 |
| Select group | 392 |
| Select | 195 |
| Build/train/purchase | 63 |
| Resource trade | 56 |
| Misc. action | 19 |
| Use ability | 18 |
| Minimap ping | 10 |
| Assign group | 7 |
| Remove unit | 1 |
| Esc | 1 |
Cabeelibob
(194)
(18:38) : 
| Healing Salve | 1 | 100 |
| Lesser Clarity Potion | 1 | 70 |
| Orb of Lightning | 1 | 375 |
| total: | 3 | 545g |
| Peon | 16 | 1200 | / | 0 |
| total: | 16 | 1200g | / | 0w |
| Watch Tower | 4 | 440 | / | 320 |
| Altar of Storms | 2 | 360 | / | 100 |
| Orc Burrow | 3 | 480 | / | 120 |
| War Mill | 1 | 205 | / | 0 |
| Great Hall | 1 | 385 | / | 185 |
| Voodoo Lounge | 1 | 130 | / | 30 |
| Spirit Lodge | 2 | 300 | / | 300 |
| Stronghold | 1 | 315 | / | 190 |
| Fortress | 1 | 325 | / | 190 |
| total: | 14 | 2300g | / | 1055w |
| 0:04 | Altar of Storms |
| 0:08 | Orc Burrow |
| 0:09 | Peon |
| 0:17 | Peon |
| 0:27 | Peon |
| 0:55 | Peon |
| 0:58 | War Mill |
| 1:20 | Peon |
| 1:31 | Peon |
| 1:42 | Peon |
| 1:59 | Orc Burrow |
| 2:13 | Wind Walk |
| 2:17 | Peon |
| 2:21 | Watch Tower |
| 3:28 | Peon |
| 3:28 | Peon |
| 4:29 | Great Hall |
| 4:32 | Watch Tower |
| 4:35 | Watch Tower |
| 5:06 | Voodoo Lounge |
| 5:16 | Bash |
| 5:42 | Watch Tower |
| 6:10 | Healing Salve |
| 6:25 | Peon |
| 6:25 | Peon |
| 7:19 | Critical Strike |
| 8:00 | Stronghold |
| 8:03 | Orc Burrow |
| 8:27 | Peon |
| 8:27 | Peon |
| 8:41 | Peon |
| 8:41 | Peon |
| 9:46 | Holy Light |
| 10:40 | Altar of Storms |
| 11:35 | Lesser Clarity Potion |
| 11:57 | Fortress |
| 12:58 | Wind Walk |
| 14:36 | Spirit Lodge |
| 14:52 | Spirit Lodge |
| 17:01 | Critical Strike |
| 18:37 | Orb of Lightning |
| Right click | 518 |
| Select | 139 |
| Build/train/purchase | 83 |
| Select group | 74 |
| Misc. action | 73 |
| Resource trade | 43 |
| Use ability | 14 |
| Chat | 13 |
| Assign group | 12 |
| Item give/drop | 2 |
| Esc | 1 |
| Minimap ping | 1 |

| Peasant | 22 | 1650 | / | 0 |
| Flying Machine | 14 | 1400 | / | 420 |
| total: | 36 | 3050g | / | 420w |
| Scout Tower | 39 | 1170 | / | 780 |
| Arcane Tower | 5 | 350 | / | 250 |
| Guard Tower | 14 | 980 | / | 700 |
| Altar of Kings | 2 | 360 | / | 100 |
| Farm | 10 | 800 | / | 200 |
| Lumber Mill | 2 | 240 | / | 0 |
| Town Hall | 1 | 385 | / | 205 |
| Blacksmith | 1 | 140 | / | 60 |
| Cannon Tower | 2 | 240 | / | 200 |
| Workshop | 3 | 420 | / | 420 |
| Keep | 1 | 320 | / | 210 |
| Castle | 1 | 360 | / | 210 |
| total: | 58 | 3515g | / | 1765w |
| 0:03 | Peasant |
| 0:03 | Peasant |
| 0:06 | Altar of Kings |
| 0:10 | Farm |
| 0:11 | Farm |
| 0:16 | Peasant |
| 0:50 | Farm |
| 0:54 | Lumber Mill |
| 1:04 | Peasant |
| 1:04 | Peasant |
| 1:04 | Peasant |
| 1:09 | Scout Tower |
| 1:10 | Scout Tower |
| 1:13 | Peasant |
| 1:32 | Peasant |
| 1:40 | Peasant |
| 1:53 | Arcane Tower |
| 2:22 | Peasant |
| 2:22 | Peasant |
| 2:22 | Peasant |
| 2:46 | Storm Bolt |
| 2:53 | Peasant |
| 2:53 | Peasant |
| 2:55 | Scout Tower |
| 3:06 | Town Hall |
| 3:19 | Scout Tower |
| 3:19 | Scout Tower |
| 3:20 | Scout Tower |
| 3:27 | Peasant |
| 3:29 | Guard Tower |
| 3:31 | Improved Lumber Harvesting |
| 3:50 | Peasant |
| 3:50 | Peasant |
| 3:59 | Peasant |
| 4:05 | Scout Tower |
| 4:10 | Scout Tower |
| 4:41 | Keep |
| 4:54 | Guard Tower |
| 4:55 | Scout Tower |
| 5:07 | Scout Tower |
| 5:08 | Scout Tower |
| 5:09 | Scout Tower |
| 5:11 | Scout Tower |
| 5:13 | Guard Tower |
| 5:24 | Improved Masonry |
| 5:47 | Bash |
| 5:51 | Guard Tower |
| 5:59 | Guard Tower |
| 6:12 | Blacksmith |
| 6:20 | Farm |
| 6:20 | Farm |
| 6:21 | Farm |
| 6:24 | Guard Tower |
| 6:35 | Arcane Tower |
| 6:38 | Scout Tower |
| 6:39 | Scout Tower |
| 6:40 | Scout Tower |
| 7:02 | Castle |
| 7:45 | Black Gunpowder |
| 7:57 | Scout Tower |
| 8:02 | Workshop |
| 8:09 | Guard Tower |
| 8:11 | Scout Tower |
| 8:12 | Scout Tower |
| 8:13 | Scout Tower |
| 8:13 | Scout Tower |
| 8:30 | Workshop |
| 8:32 | Arcane Tower |
| 8:44 | Workshop |
| 8:48 | Guard Tower |
| 8:53 | Scout Tower |
| 8:54 | Scout Tower |
| 8:55 | Scout Tower |
| 9:38 | Guard Tower |
| 9:42 | Flying Machine Bombs |
| 9:54 | Peasant |
| 9:55 | Peasant |
| 9:55 | Peasant |
| 9:55 | Peasant |
| 10:09 | Advanced Masonry |
| 11:14 | Scout Tower |
| 11:14 | Scout Tower |
| 11:18 | Scout Tower |
| 11:19 | Scout Tower |
| 11:20 | Scout Tower |
| 11:22 | Scout Tower |
| 11:23 | Scout Tower |
| 11:24 | Scout Tower |
| 11:28 | Scout Tower |
| 11:29 | Scout Tower |
| 11:31 | Scout Tower |
| 11:31 | Scout Tower |
| 11:35 | Guard Tower |
| 11:38 | Flying Machine |
| 11:38 | Flying Machine |
| 11:39 | Flying Machine |
| 11:42 | Flak Cannons |
| 11:50 | Arcane Tower |
| 11:55 | Imbued Masonry |
| 12:07 | Guard Tower |
| 12:08 | Guard Tower |
| 12:10 | Scout Tower |
| 12:26 | Flying Machine |
| 12:26 | Flying Machine |
| 12:28 | Refined Gunpowder |
| 12:34 | Lumber Mill |
| 12:50 | Flying Machine |
| 12:51 | Flying Machine |
| 12:51 | Flying Machine |
| 12:51 | Flying Machine |
| 13:00 | Farm |
| 13:02 | Farm |
| 13:11 | Farm |
| 13:16 | Cannon Tower |
| 13:17 | Cannon Tower |
| 13:19 | Arcane Tower |
| 13:33 | Altar of Kings |
| 13:41 | Farm |
| 13:53 | Flying Machine |
| 13:53 | Flying Machine |
| 14:29 | Flying Machine |
| 14:42 | Scout Tower |
| 14:43 | Scout Tower |
| 15:08 | Imbued Gunpowder |
| 15:09 | Iron Plating |
| 15:11 | Flying Machine |
| 15:11 | Flying Machine |
| 15:29 | Guard Tower |
| 16:25 | Guard Tower |
| Right click | 808 |
| Select group | 361 |
| Select | 357 |
| Build/train/purchase | 149 |
| Chat | 12 |
| Use ability | 11 |
| Minimap ping | 10 |
| Assign group | 7 |
| Esc | 4 |
| Remove unit | 2 |
| Misc. action | 1 |
102 units @ 12.2k
/ 1.3k
56 buildings @ 9.5k
/ 4k

| Wisp | 22 | 1320 | / | 0 |
| Archer | 5 | 650 | / | 50 |
| Huntress | 6 | 1170 | / | 120 |
| Chimaera | 5 | 1650 | / | 350 |
| total: | 38 | 4790g | / | 520w |
| Moon Well | 8 | 1440 | / | 320 |
| Altar of Elders | 1 | 180 | / | 50 |
| Ancient of War | 3 | 450 | / | 180 |
| Hunter's Hall | 1 | 210 | / | 100 |
| Tree of Life | 1 | 340 | / | 185 |
| Chimaera Roost | 2 | 280 | / | 380 |
| Tree of Ages | 1 | 320 | / | 180 |
| Tree of Eternity | 1 | 330 | / | 200 |
| total: | 16 | 2900g | / | 1215w |
| 0:06 | Moon Well |
| 0:08 | Wisp |
| 0:08 | Wisp |
| 0:08 | Wisp |
| 0:26 | Altar of Elders |
| 0:40 | Ancient of War |
| 0:49 | Wisp |
| 0:49 | Wisp |
| 1:31 | Wisp |
| 1:31 | Wisp |
| 1:38 | Moon Well |
| 1:44 | Archer |
| 1:48 | Archer |
| 2:04 | Archer |
| 2:28 | Moon Well |
| 2:31 | Fan of Knives |
| 2:39 | Archer |
| 2:56 | Wisp |
| 2:58 | Archer |
| 3:14 | Ancient of War |
| 3:28 | Hunter's Hall |
| 5:00 | Shadow Strike |
| 5:05 | Huntress |
| 5:06 | Huntress |
| 5:06 | Huntress |
| 5:11 | Wisp |
| 5:18 | Wisp |
| 5:29 | Moon Well |
| 6:00 | Tree of Ages |
| 6:21 | Huntress |
| 7:32 | Ancient of War |
| 7:36 | Tree of Life |
| 7:42 | Huntress |
| 7:54 | Moon Well |
| 8:35 | Fan of Knives |
| 8:51 | Moon Well |
| 8:52 | Wisp |
| 8:54 | Huntress |
| 9:02 | Moon Glaive |
| 9:50 | Tree of Eternity |
| 10:56 | Shadow Strike |
| 11:18 | Wisp |
| 11:18 | Wisp |
| 11:18 | Wisp |
| 11:18 | Wisp |
| 11:19 | Wisp |
| 11:29 | Moon Well |
| 12:53 | Chimaera Roost |
| 12:55 | Wisp |
| 13:15 | Chimaera Roost |
| 13:18 | Wisp |
| 14:32 | Wisp |
| 14:32 | Wisp |
| 14:32 | Wisp |
| 14:33 | Wisp |
| 14:41 | Chimaera |
| 14:41 | Chimaera |
| 14:41 | Chimaera |
| 14:45 | Moon Well |
| 16:05 | Chimaera |
| 16:05 | Chimaera |
| 16:21 | Corrosive Breath |
| Right click | 303 |
| Select | 231 |
| Build/train/purchase | 53 |
| Chat | 8 |
| Use ability | 5 |
| Misc. action | 4 |
| Remove unit | 1 |
| Esc | 1 |
| Minimap ping | 1 |


| Lesser Clarity Potion | 1 | 70 |
| Healing Salve | 1 | 100 |
| Potion of Healing | 1 | 150 |
| total: | 3 | 320g |
| Peon | 18 | 1350 | / | 0 |
| Troll Headhunter | 10 | 1400 | / | 200 |
| Demolisher | 4 | 880 | / | 200 |
| Shaman | 3 | 390 | / | 60 |
| total: | 35 | 4020g | / | 460w |
| Watch Tower | 11 | 1210 | / | 880 |
| Altar of Storms | 1 | 180 | / | 50 |
| Orc Burrow | 6 | 960 | / | 240 |
| War Mill | 1 | 205 | / | 0 |
| Barracks | 1 | 180 | / | 50 |
| Voodoo Lounge | 1 | 130 | / | 30 |
| Great Hall | 1 | 385 | / | 185 |
| Spirit Lodge | 1 | 150 | / | 150 |
| Stronghold | 1 | 315 | / | 190 |
| Fortress | 1 | 325 | / | 190 |
| total: | 23 | 3400g | / | 1585w |
| 0:04 | Peon |
| 0:04 | Peon |
| 0:13 | Altar of Storms |
| 0:16 | Orc Burrow |
| 0:24 | Peon |
| 0:52 | War Mill |
| 1:09 | Barracks |
| 1:15 | Peon |
| 1:32 | Orc Burrow |
| 1:46 | Peon |
| 2:00 | Peon |
| 2:11 | Troll Headhunter |
| 2:17 | Voodoo Lounge |
| 2:26 | Feral Spirit |
| 2:33 | Troll Headhunter |
| 2:53 | Troll Headhunter |
| 2:54 | Peon |
| 3:15 | Troll Headhunter |
| 3:19 | Orc Burrow |
| 3:25 | Lesser Clarity Potion |
| 3:38 | Troll Headhunter |
| 4:02 | Chain Lighting |
| 4:19 | Stronghold |
| 4:20 | Troll Headhunter |
| 4:36 | Feral Spirit |
| 4:40 | Troll Headhunter |
| 4:41 | Steel Ranged Weapons |
| 5:27 | Troll Headhunter |
| 5:28 | Steel Armor |
| 5:32 | Orc Burrow |
| 7:02 | Troll Headhunter |
| 7:02 | Troll Headhunter |
| 7:18 | Spirit Lodge |
| 7:19 | Fortress |
| 7:27 | Healing Salve |
| 7:32 | Potion of Healing |
| 7:48 | Reinforced Defenses |
| 7:56 | Watch Tower |
| 8:32 | Watch Tower |
| 8:34 | Shaman Adept Training |
| 8:38 | Watch Tower |
| 8:55 | Hex |
| 9:48 | Watch Tower |
| 9:50 | Peon |
| 9:50 | Peon |
| 9:50 | Peon |
| 9:52 | Shaman Master Training |
| 9:54 | Peon |
| 10:08 | Demolisher |
| 11:06 | Shaman |
| 11:06 | Shaman |
| 11:08 | Demolisher |
| 11:08 | Demolisher |
| 11:11 | Watch Tower |
| 11:13 | Orc Burrow |
| 11:21 | Chain Lighting |
| 11:44 | Burning Oil |
| 11:48 | Peon |
| 11:48 | Peon |
| 11:48 | Peon |
| 11:54 | Orc Burrow |
| 12:21 | Healing Wave |
| 13:13 | Great Hall |
| 13:16 | Watch Tower |
| 13:21 | Shaman |
| 13:53 | Demolisher |
| 14:26 | Watch Tower |
| 15:36 | Watch Tower |
| 15:37 | Watch Tower |
| 15:38 | Watch Tower |
| 16:11 | Peon |
| 16:11 | Peon |
| 16:12 | Peon |
| 16:12 | Peon |
| 16:13 | Watch Tower |
| Right click | 517 |
| Select | 299 |
| Misc. action | 154 |
| Build/train/purchase | 75 |
| Chat | 29 |
| Use ability | 14 |
| Remove unit | 2 |
| Minimap ping | 2 |


| Healing Salve | 2 | 200 |
| total: | 2 | 200g |
| Peon | 21 | 1575 | / | 0 |
| Raider | 4 | 720 | / | 160 |
| Wind Rider | 4 | 1060 | / | 160 |
| total: | 29 | 3355g | / | 320w |
| Altar of Storms | 1 | 180 | / | 50 |
| Orc Burrow | 9 | 1440 | / | 360 |
| War Mill | 1 | 205 | / | 0 |
| Voodoo Lounge | 1 | 130 | / | 30 |
| Great Hall | 2 | 770 | / | 370 |
| Beastiary | 3 | 435 | / | 420 |
| Stronghold | 1 | 315 | / | 190 |
| Fortress | 1 | 325 | / | 190 |
| total: | 17 | 3160g | / | 1230w |
| 0:02 | Peon |
| 0:02 | Peon |
| 0:02 | Peon |
| 0:12 | Altar of Storms |
| 0:21 | Orc Burrow |
| 0:37 | War Mill |
| 0:41 | Peon |
| 0:41 | Peon |
| 1:00 | Voodoo Lounge |
| 1:05 | Peon |
| 1:05 | Peon |
| 1:13 | Peon |
| 1:13 | Peon |
| 1:23 | Peon |
| 1:23 | Peon |
| 1:34 | Peon |
| 1:34 | Peon |
| 2:13 | Healing Salve |
| 2:16 | Wind Walk |
| 2:39 | Stronghold |
| 2:44 | Orc Burrow |
| 3:22 | Orc Burrow |
| 3:46 | Orc Burrow |
| 3:50 | Steel Melee Weapons |
| 5:06 | Reinforced Defenses |
| 5:08 | Beastiary |
| 5:13 | Beastiary |
| 5:15 | Beastiary |
| 5:49 | Pillage |
| 6:11 | Ensnare |
| 6:30 | Raider |
| 6:34 | Thorium Melee Weapons |
| 6:46 | Critical Strike |
| 6:56 | Raider |
| 6:57 | Raider |
| 7:19 | Raider |
| 8:06 | Fortress |
| 8:33 | Wind Walk |
| 8:46 | Orc Burrow |
| 9:42 | Steel Armor |
| 10:15 | Steel Ranged Weapons |
| 10:18 | Orc Burrow |
| 10:22 | Orc Burrow |
| 11:11 | Wind Rider |
| 11:11 | Envenomed Spears |
| 12:06 | Wind Rider |
| 12:08 | Thorium Ranged Weapons |
| 12:52 | Wind Rider |
| 12:53 | Wind Rider |
| 13:00 | Hex |
| 13:04 | Healing Salve |
| 13:34 | Critical Strike |
| 13:45 | Great Hall |
| 14:23 | Healing Wave |
| 14:40 | Wind Walk |
| 15:13 | Great Hall |
| 16:04 | Healing Wave |
| 17:32 | Peon |
| 17:32 | Peon |
| 17:32 | Peon |
| 17:32 | Peon |
| 17:34 | Orc Burrow |
| 18:10 | Peon |
| 18:10 | Peon |
| 18:10 | Peon |
| 18:10 | Peon |
| 18:13 | Orc Burrow |
| Right click | 350 |
| Select | 312 |
| Select group | 218 |
| Use ability | 85 |
| Build/train/purchase | 65 |
| Misc. action | 29 |
| Assign group | 22 |
| Item give/drop | 1 |
⇛